 Dungeon Sprint DCSS version 0.30-a0-50-gb2d611f6b1 (webtiles) character file.

Game seed: 10797970488862627057

6 lesbiats the Cudgeller (level 1, -1/20 HPs)
             Began as a Troll Gladiator on Sept 4, 2022.
             Slain by a centaur (5 damage)
             ... in the Dungeon (Sprint IX: "|||||||||||||||||||||||||||||").
             The game lasted 00:00:15 (24 turns).

lesbiats the Cudgeller (Troll Gladiator)              Turns: 24, Time: 00:00:16

Health: -1/20      AC:  4    Str: 21    XL:     1   Next: 75%
Magic:  0/0        EV: 10    Int:  4    God:
Gold:   0          SH:  0    Dex: 11    Spells: 0/0 levels left

rFire   . . .      SeeInvis .    a - +0 flail
rCold   . . .      Faith    .    (no shield)
rNeg    . . .      Spirit   .    b - +0 robe
rPois   .          Reflect  .    c - +0 hat
rElec   .          Harm     .    (no cloak)
rCorr   .          Rampage  .    (gloves unavailable)
Will    .....      NoTele   +    (boots unavailable)
Stlth   +.........               (no amulet)
HPRegen 0.86/turn                (no ring)
MPRegen 0.07/turn                (no ring)

@: no status effects
A: large, unfitting armour, claws 3, regeneration 1, shaggy fur 1, tough skin 1
a: no special abilities


You were in the Dungeon.
You visited 1 branch

Inventory:

Hand Weapons
 a - a +0 flail (weapon)
Missiles
 d - 3 throwing nets (quivered)
 e - a large rock
Armour
 b - a +0 robe (worn)
 c - a +0 hat (worn)
Scrolls
 k - a scroll of blinking
Potions
 f - a potion of curing
 g - a potion of heal wounds
 h - a potion of haste
 i - 2 potions of magic
 j - a potion of berserk rage


   Skills:
 + Level 1.9 Fighting
 + Level 3.5 Maces & Flails
 - Level 1.7 Throwing
 + Level 3.1 Dodging


You couldn't memorise any spells.
You didn't know any spells.
Your spell library was empty.

Dungeon Overview and Level Annotations

Branches:
Dungeon (1/1)

Altars:


Innate Abilities, Weirdness & Mutations

You are too large for most types of armour.
You have claws for hands.
Your natural rate of healing is unusually fast.
You are covered in fur. (AC +1)
You have tough skin. (AC +1)


Message History

The kobold barely misses you.
You sock the kobold!
You kill the kobold!
Items here: ( )) †.
As you open the door, it creaks loudly!
A centaur, an iguana, an ufetubus and 2 scorpions come into view.
The ufetubus shouts!
The centaur shouts!
The centaur wields a +0 shortbow.
The centaur shoots an arrow.
The arrow hits you.
The iguana hisses angrily.
The centaur unwields a +0 shortbow.
The centaur hits you. The centaur barely misses you. The centaur misses you.
The centaur kicks you but does no damage.
There is an open door here.
You thump the centaur!
The centaur is moderately wounded.
The centaur closely misses you. The centaur kicks you.
You closely miss the centaur.
The centaur is moderately wounded.
The centaur hits you. The centaur kicks you. The centaur misses you.
The centaur barely misses you.
You hit the centaur.
The centaur is heavily wounded.
The centaur barely misses you. The centaur closely misses you.
The centaur hits you.
* * * LOW HITPOINT WARNING * * *
The centaur kicks you.
* * * LOW HITPOINT WARNING * * *
You barely miss the centaur.
The centaur is heavily wounded.
The centaur closely misses you. x2
The centaur hits you but does no damage.
The centaur kicks you but does no damage.
You hit the centaur.
The centaur is heavily wounded.
The centaur hits you.
* * * LOW HITPOINT WARNING * * *
The centaur kicks you but does no damage.
The centaur hits you.
You die...

▓.▓
▓.▓
▓'▓
▓)▓
▓.▓
▓.▓
▓.▓
▓.▓
▓@▓
▓c▓
▓s▓
▓l▓
▓5▓
▓s▓
▓+▓


You could see a centaur, 2 scorpions, an iguana and an ufetubus.

Vanquished Creatures
  An endoplasm (D)
  A goblin (D)
  A kobold (D)
  A quokka (D)
  A rat (D)
5 creatures vanquished.

Notes
Turn   | Place    | Note
-------+----------+-------------------------------------------
     0 | D        | lesbiats the Troll Gladiator began the quest for the Orb.
     0 | D        | Reached XP level 1. HP: 19/19 MP: 0/0
    18 | D        | Noticed a centaur
    18 | D        | Noticed a scorpion
    18 | D        | Noticed an iguana
    18 | D        | Noticed a scorpion
    24 | D        | Slain by a centaur

Illustrated notes

Levels and vault maps discovered:
D:        linesprint [early_d, line_temple, items_1, d_10, items_2, lair_1,
          lair_end, items_3, orc_1, orc_end, items_4, d_15, swamp_1, shoals_1,
          snake_1, spider_1, d_20, vaults_1, items_5, swamp_end, shoals_end,
          snake_end, spider_end, vaults_end, d_27, items_6, zot_1, zot_end,
          crypt_end, forest_end, elf_end, slime_end, tomb_end, abyss_end,
          pan_hell_end]

Skill      XL: |  1 |
---------------+----+-----
Maces & Flails | 3 |  3.5
Dodging        | 3 |  3.1
Fighting       | |  1.9
Throwing       | |  1.7

Action                   || total
-------------------------++-------
Melee: Flail             ||    13
Armor: Robe              ||     5
Dodge: Dodged            ||    12

Table legend: (Time is in decaauts)
 A = Elapsed time spent in this place.
 B = Non-inter-level travel time spent in this place.
 C = Inter-level travel time spent in this place.
 D = Time resting spent in this place.
 E = Time spent auto-exploring this place.
 F = Levels seen in this place.
 G = Mean time per level.
                   A        B        C        D        E       F      G
               +--------+--------+--------+--------+--------+-----+--------+
         Total |     26 |     26 |      0 |      0 |      0 |   1 |   26.0 |
       Dungeon |     26 |     26 |      0 |      0 |      0 |   1 |   26.0 |
               +--------+--------+--------+--------+--------+-----+--------+

Top non-repeatable levels by time:
       D: 26 daAuts
